 Dungeon Crawl Stone Soup version 0.20.0-8-g6b59dc7 (webtiles) character file.

3240 JarielCorvus the Thaumaturge (level 9, -2/46 HPs)
             Began as a Deep Elf Wizard on June 1, 2017.
             Was a Follower of Vehumet.
             Killed from afar by an orc wizard (8 damage)
             ... with a magic dart
             ... on level 8 of the Dungeon on June 2, 2017.
             The game lasted 00:33:02 (10396 turns).

JarielCorvus the Thaumaturge (Deep Elf Wizard)     Turns: 10396, Time: 00:33:03

Health: -2/46      AC:  3    Str:  7    XL:     9   Next: 67%
Magic:  8/26       EV: 13    Int: 30    God:    Vehumet [*.....]
Gold:   208        SH:  5    Dex: 13    Spells: 16/30 levels left

rFire    . . .     SeeInvis .   B - +2 whip (flame)
rCold    . . .     Gourm    .   (no shield)
rNeg     . . .     Faith    .   a - +0 robe
rPois    +         Spirit   .   b - +0 hat
rElec    .         Reflect  +   (no cloak)
rCorr    .         Harm     .   (no gloves)
MR       .....     Clarity  +   (no boots)
Stlth    ++........             s - +5 amulet of reflection
Regen    0.2/turn               g - +3 ring of strength
MPRegen  0.2/turn               u - +3 ring of intelligence

@: no status effects
A: rugged brown scales 1, clarity, poison resistance
a: Renounce Religion


You were on level 8 of the Dungeon.
You worshipped Vehumet.
Vehumet was aware of your devotion.
You were not hungry.

You visited 2 branches of the dungeon, and saw 9 of its levels.

You collected 380 gold pieces.
You spent 172 gold pieces at shops.

Inventory:

Hand Weapons
 f - a +0 short sword
 p - a +0 dagger of protection
 B - a +2 whip of flaming (weapon)
 E - a +2 spear of freezing
Armour
 a - a +0 robe (worn)
 b - a +0 hat (worn)
 F - a +0 pair of boots
Jewellery
 g - a +3 ring of strength (left hand)
 s - a +5 amulet of reflection (around neck)
 u - a +3 ring of intelligence (right hand)
 w - an uncursed ring of protection from fire
Wands
 d - a wand of iceblast (3/15)
 e - a wand of enslavement (15/24)
 t - a wand of lightning (10/15)
 x - a wand of lightning (8/15)
 D - a wand of digging (10/24)
Scrolls
 m - a scroll of teleportation
 r - 2 scrolls of amnesia
 v - 2 scrolls of recharging
 y - 2 scrolls of remove curse
 z - a scroll of fog
Potions
 h - 3 potions of lignification
 j - a potion of might
 k - a potion of cancellation
 l - 2 potions of curing
 q - 3 potions of flight
 A - a potion of ambrosia
 C - a potion of agility
 G - 2 potions of brilliance {unknown}
Books
 c - a book of Minor Magic

   Spells                             Type                      Level
   a - Magic Dart                     Conjuration                  1
   b - Blink                          Translocation                2
   c - Call Imp                       Summoning                    2
   d - Slow                           Hexes                        2
   e - Conjure Flame                  Conjuration/Fire             3
   f - Mephitic Cloud                 Conjuration/Poison/Air       3
 i - a book of Misfortune

   Spells                             Type                      Level
   a - Confusing Touch                Hexes                        1
   b - Confuse                        Hexes                        3
   c - Gell's Gravitas                Translocation                3
   d - Petrify                        Transmutation/Earth          4
   e - Metabolic Englaciation         Hexes/Ice                    5
   f - Yara's Violent Unravelling     Hexes/Transmutation          5
 n - a book of Cantrips

   Spells                             Type                      Level
   a - Confusing Touch                Hexes                        1
   b - Animate Skeleton               Necromancy                   1
   c - Summon Small Mammal            Summoning                    1
   d - Apportation                    Translocation                1
Comestibles
 o - 4 royal jellies
 H - 2 bread rations
 I - 2 meat rations
 J - a fruit


   Skills:
 - Level 2.4 Dodging
 - Level 2.4 Stealth
 - Level 11.2 Spellcasting
 * Level 9.7 Conjurations
 - Level 1.1 Summonings
 - Level 1.1 Translocations
 + Level 4.7 Fire Magic
 + Level 4.6 Air Magic


You had 16 spell levels left.
You knew the following spells:

 Your Spells              Type           Power        Failure   Level  Hunger
a - Magic Dart            Conj           ####         1%          1    None
b - Blink                 Tloc           N/A          3%          2    None
c - Call Imp              Summ           ###.....     3%          2    None
d - Conjure Flame         Conj/Fire      ######..     1%          3    None
e - Mephitic Cloud        Conj/Pois/Air  #####...     1%          3    None
f - Confuse               Hex            ###.....     10%         3    None


Dungeon Overview and Level Annotations

Branches:
Dungeon (8/15)             Temple (1/1) D:5
   Lair: D:8-11

Altars:
Ashenzari
Cheibriados
Dithmenos
Fedhas
Gozag
Hepliaklqana
Kikubaaqudgha
Makhleb
Okawaru
Qazlal
Ru
Sif Muna
Trog
Vehumet
Xom
Yredelemnul
Zin
The Shining One
Lugonu

Shops:
D:4 =(!!*

Annotations:
D:8 Gottschkopf's ghost, novice DrTm


Innate Abilities, Weirdness & Mutations

You are partially covered in rugged brown scales. (AC +1, +3% HP)
You possess an exceptional clarity of mind.
Your system is resistant to poisons. (rPois)


Message History

The magic dart hits the orc warrior.
You kill the orc warrior!
Vehumet accepts your kill.
A puff of flame appears from out of thin air!
The puff of flame hits something.
Reactivating autopickup.
You feel a bit more experienced.
You start resting.
Your magical contamination has completely faded away.
You start resting.
You hear some strange, mumbled words.
A magic dart appears from out of thin air!
Deactivating autopickup; reactivate with Ctrl-A.
The magic dart hits you!
* * * LOW HITPOINT WARNING * * *
An orc wizard appears from thin air!
Reactivating autopickup.
The orc wizard casts a spell at you. The magic dart hits you!
You die...

### #########.###
#################
#...........####.........(.....#
#.#.###.###......#######.#(###.#
#.#.# #.# #......# #o#.# #.#
#.#.# #.###.####.# #.#(# #5#
.#..# #.....# ##@## #.#o# #.#
###.# #....####...######.#{# #.#
.#..###.##........o....).#.# #.#
#.#.......#####[..########.# #.#
#####...#.# ##.#.## #.# #.#
#.###.# #.###.# ##(###.## #.#
#.# ##.#.## ##.<.#...#
##.###.### ##.## ####.....#...
..........# #.# #.............


You could see an orc wizard.

Vanquished Creatures
  Pikel (D:5)
  A hippogriff (D:7)
  A wyvern (D:6)
  A hornet zombie (D:8)
  3 sky beasts
  A slave (D:4)
  3 ice beasts
  2 orc warriors
  A phantom (D:4)
  A necrophage (D:6)
  3 ogres
  2 centaurs
  2 bullfrogs
  A gnoll sergeant (D:6)
  A scorpion (D:5)
  3 killer bees (D:8)
  5 wights (D:7)
  A jelly (D:6)
  A bullfrog zombie (D:7)
  A crimson imp (D:5)
  A hound (D:3)
  An orc priest (D:8)
  5 orc wizards
  2 worker ants (D:4)
  2 hound skeletons
  A howler monkey zombie (D:5)
  4 gnolls (D:6)
  9 adders
  A shadow imp (D:6)
  An ooze (D:3)
  An adder skeleton (D:4)
  4 worms
  3 dart slugs
  5 leopard geckos
  17 orcs
  A ball python (D:6)
  6 bats
  4 giant cockroaches
  5 goblins
  4 hobgoblins
  12 jackals
  3 quokkas
  4 frilled lizards
  A jackal skeleton (D:5)
  8 kobolds
  A leopard gecko skeleton (D:7)
  A leopard gecko zombie (D:5)
  5 rats
147 creatures vanquished.

Vanquished Creatures (collateral kills)
  The ghost of kaze the Skirmisher, an amateur DsAK of Lugonu (D:6)
  The ghost of ArtsTyrian the Insei, an amateur DsTm (D:3)
2 creatures vanquished.

Vanquished Creatures (others)
  A slave (D:5)
  An ogre (D:5)
  An orc wizard (D:8)
  An iguana (D:5)
4 creatures vanquished.

Grand Total: 153 creatures vanquished

Notes
Turn   | Place    | Note
-------+----------+-------------------------------------------
     0 | D:1      | JarielCorvus the Deep Elf Wizard began the quest for the Orb.
     0 | D:1      | Reached XP level 1. HP: 10/10 MP: 7/7
   420 | D:1      | Reached XP level 2. HP: 15/15 MP: 2/9
   487 | D:1      | Learned a level 2 spell: Blink
   490 | D:1      | Learned a level 2 spell: Call Imp
   610 | D:1      | Reached skill level 5 in Spellcasting
   998 | D:1      | Reached XP level 3. HP: 19/19 MP: 9/11
  1344 | D:2      | Learned a level 3 spell: Conjure Flame
  1348 | D:2      | Learned a level 3 spell: Mephitic Cloud
  1421 | D:2      | Found a glowing silver altar of Zin.
  1422 | D:2      | Noticed an angel
  1452 | D:2      | Found a shimmering altar of Xom.
  1554 | D:2      | Reached skill level 6 in Spellcasting
  1554 | D:2      | Reached XP level 4. HP: 20/24 MP: 7/14
  1960 | D:3      | Noticed ArtsTyrian's ghost (amateur DsTm)
  1974 | D:3      | Killed ArtsTyrian's ghost
  2462 | D:3      | Reached XP level 5. HP: 28/28 MP: 14/16
  2497 | D:3      | Found a burning altar of Makhleb.
  2566 | D:3      | Reached skill level 7 in Spellcasting
  3096 | D:4      | Found Biodid's Weapon Emporium.
  3127 | D:4      | Found a basalt altar of Yredelemnul.
  3227 | D:4      | Found Apteis's Distillery.
  3368 | D:4      | Found Liseuhaf's General Store.
  3393 | D:4      | Found Othatz's Distillery.
  3437 | D:4      | Found Castreg's Jewellery Boutique.
  3452 | D:4      | Bought a +3 ring of intelligence for 172 gold pieces
  3611 | D:4      | Found a glowing golden altar of the Shining One.
  3731 | D:4      | Noticed a phantom
  3746 | D:4      | Killed a phantom
  3746 | D:4      | Reached skill level 8 in Spellcasting
  3746 | D:4      | Reached XP level 6. HP: 14/32 MP: 0/19
  4099 | D:4      | Noticed an angel
  4128 | D:5      | Entered Level 5 of the Dungeon
  4141 | D:5      | Noticed a slave
  4145 | D:5      | Noticed a slave
  4147 | D:5      | Noticed Pikel
  4150 | D:5      | Noticed a slave
  4170 | D:4      | Killed a slave
  4634 | D:5      | Found a staircase to the Ecumenical Temple.
  4669 | Temple   | Entered the Ecumenical Temple
  4715 | Temple   | Became a worshipper of Vehumet
  4861 | D:5      | Noticed a slave
  4898 | D:5      | Killed Pikel
  4898 | D:5      | Reached skill level 10 in Spellcasting
  4898 | D:5      | Reached skill level 5 in Conjurations
  4898 | D:5      | Reached XP level 7. HP: 25/36 MP: 0/22
  5644 | D:5      | Found a shadowy altar of Dithmenos.
  5799 | D:6      | Found a deep blue altar of Sif Muna.
  5906 | D:6      | Noticed a wyvern
  5913 | D:6      | Killed a wyvern
  5913 | D:6      | Reached skill level 11 in Spellcasting
  5913 | D:6      | Reached XP level 8. HP: 23/41 MP: 20/25
  6278 | D:6      | Reached skill level 1 in Fire Magic
  6614 | D:6      | Found an opulent altar of Gozag.
  6630 | D:6      | Reached skill level 1 in Air Magic
  6770 | D:6      | Reached * piety under Vehumet
  6770 | D:6      | Offered knowledge of Flame Tongue by Vehumet.
  6971 | D:6      | Found a glowing golden altar of the Shining One.
  7327 | D:6      | Noticed kaze's ghost (amateur DsAK)
  7340 | D:6      | Killed kaze's ghost
  7371 | D:6      | Found a blossoming altar of Fedhas.
  7376 | D:6      | Found a hazy altar of Hepliaklqana.
  7671 | D:7      | Reached XP level 9. HP: 38/45 MP: 7/26
  7994 | D:7      | Found a shattered altar of Ashenzari.
  8416 | D:7      | Gained mutation: Your system is resistant to poisons. (rPois) [potion of mutation]
  8416 | D:7      | Gained mutation: You possess an exceptional clarity of mind. [potion of mutation]
  8416 | D:7      | Gained mutation: You are partially covered in rugged brown scales. (AC +1, +3% HP) [potion of mutation]
  8666 | D:8      | Noticed Gottschkopf's ghost (novice DrTm)
  8962 | D:8      | Noticed a two-headed ogre
 10329 | D:8      | Learned a level 3 spell: Confuse
 10396 | D:8      | Killed from afar by an orc wizard

Skill      XL: |  1  2  3  4  5  6  7  8  9 |
---------------+----------------------------+-----
Conjurations   | 2 3 4 5 6 7 9 |  9.7
Spellcasting   | 5 6 8 10 11 | 11.2
Fire Magic     | 3 4 |  4.7
Air Magic      | 3 4 |  4.6
Dodging        | |  2.4
Stealth        | |  2.4
Summonings     | |  1.1
Translocations | |  1.1

Action                   |  1- 3 |  4- 6 |  7- 9 || total
-------------------------+-------+-------+-------++-------
Melee: Short sword       |    15 |    32 |       ||    47
       Whip              |       |       |    11 ||    11
 Cast: Magic Dart        |    94 |   174 |   398 ||   666
       Call Imp          |       |     3 |    17 ||    20
       Mephitic Cloud    |       |     4 |    19 ||    23
       Blink             |       |       |     5 ||     5
       Conjure Flame     |       |       |    29 ||    29
       Confuse           |       |       |     2 ||     2
  Use: Potion            |     2 |       |     5 ||     7
       Scroll            |       |    12 |     8 ||    20
  Eat: Chunk             |     1 |     2 |     1 ||     4
       Bread ration      |       |     2 |     3 ||     5
       Meat ration       |       |       |     1 ||     1
Armor: Robe              |     5 |     5 |     7 ||    17
Dodge: Dodged            |    30 |    23 |    46 ||    99
Block: Other             |       |     6 |    15 ||    21
       Reflection        |       |       |     2 ||     2
